 Dungeon Crawl Stone Soup version 0.26.1-10-gdfb7c7de75 (webtiles) character file.

Game seed: 5919839983539970384

603 H0rd4k the Slasher (level 7, -5/51 HPs)
             Began as a Human Artificer on Apr 9, 2021.
             Was an Initiate of Gozag.
             Killed by divine providence
             ... invoked by an orc priest
              (14 damage)
             ... on level 5 of the Dungeon.
             The game lasted 00:04:39 (6090 turns).

H0rd4k the Slasher (Human Artificer)                Turns: 6090, Time: 00:04:40

Health: -5/51      AC:  3    Str: 15    XL:     7   Next: 70%
Magic:  7/7        EV: 12    Int: 11    God:    Gozag
Gold:   465        SH:  0    Dex: 19    Spells: 6/6 levels left

rFire    . . .     SeeInvis .   q - +1 great sword (elec)
rCold    . . .     Faith    +   (shield currently unavailable)
rNeg     . . .     Spirit   .   b - +0 leather armour
rPois    .         Reflect  .   (no helmet)
rElec    .         Harm     +   w - scarf {harm}
rCorr    .         Rampage  .   (no gloves)
Will     .....                  (no boots)
Stlth    ++........             o - amulet of faith
HPRegen  0.17/turn              a - +6 ring of dexterity
MPRegen  0.10/turn              (no ring)

@: no status effects
A: no striking features
a: Renounce Religion, Potion Petition, Call Merchant, Bribe Branch


You were on level 5 of the Dungeon.
You worshipped Gozag.
Gozag was aware of your devotion.
You visited 1 branch of the dungeon, and saw 5 of its levels.

You collected 515 gold pieces.
You paid 50 gold pieces to Gozag.

Inventory:

Hand Weapons
 p - a +0 short sword
 q - a +1 great sword of electrocution (weapon)
Missiles
 l - 4 atropa-tipped darts
 r - 47 poisoned darts
Armour
 b - a +0 leather armour (worn)
 w - a scarf of harm (worn)
Jewellery
 a - a +6 ring of dexterity (left hand)
 o - an amulet of faith (around neck)
 A - an uncursed ring of wizardry {unknown}
Wands
 c - a wand of flame (10) (quivered)
 d - a wand of enslavement (11)
 e - a wand of random effects (14)
 x - a wand of polymorph (3)
Scrolls
 g - 2 scrolls of enchant armour {unknown}
 h - a scroll of blinking {unknown}
 i - 6 scrolls of teleportation {unknown}
 j - 10 scrolls of identify {unknown}
 m - 5 scrolls of remove curse {unknown}
 s - a scroll of enchant weapon {unknown}
 t - 2 scrolls of immolation {unknown}
 v - a scroll of amnesia {unknown}
 y - a scroll of fear {unknown}
 C - a scroll of random uselessness {unknown}
 E - a scroll of noise {unknown}
Potions
 f - 2 potions of lignification {unknown}
 k - a potion of attraction {unknown}
 n - 3 potions of degeneration {unknown}
 u - a potion of haste {unknown}
 z - a potion of curing {unknown}
 B - a potion of ambrosia {unknown}
 D - a potion of flight {unknown}
 F - a potion of resistance {unknown}


   Skills:
 + Level 2.9 Fighting
 + Level 0.1(2.9) Short Blades
 + Level 4.9 Long Blades
 + Level 3.5 Armour
 + Level 2.1 Dodging
 + Level 2.5 Stealth
 + Level 3.8 Evocations


You had 6 spell levels left.
You didn't know any spells.
Your spell library contained the following spells:

 Spells                   Type           Power        Failure   Level
 Corona                   Hex            0%           41%         1
 Ensorcelled Hibernation  Hex/Ice        0%           54%         2
 Confusing Touch          Hex            0%           78%         3
 Dazzling Flash           Conj/Hex       0%           78%         3
 Tukima's Dance           Hex            0%           78%         3


Dungeon Overview and Level Annotations

Branches:
Dungeon (5/15)             Temple (0/1) D:4

Altars:
Cheibriados
Elyvilon
Fedhas
Gozag
Hepliaklqana
Kikubaaqudgha
Makhleb
Uskayaw

Shops:
D:4 :

Annotations:
D:5 1 runed translucent door


Message History

Unknown command.
The orc throws a boomerang.
The boomerang barely misses you.
The weapon returns to the orc!
Things that are here:
8 gold pieces; a +0 dagger; a +0 robe
Aiming: Enslavement
Press: ? - help, Shift-Dir - straight line, f - orc
Aim: an orc, wearing a +0 leather armour and quivering 4 boomerangs (chance to affect: 73%)
The orc is charmed.
The orc priest closely misses your orc. What are your orders? t - Shout!
Orders for allies: a - Attack new target. p - Attack previous target. r - Retreat! s - Stop attacking. g - Guard the area. f - Follow me.
Anything else - Cancel.
Guard this area!
Your orc closely misses the orc priest.
The orc priest mumbles some strange prayers to Beogh against you.
Beogh smites you!
You die...
Your body crumbles into a pile of gold.

#..###.## ##.##..# .
###.#...#####.####.. ..##
##......##..# ### ...
..(.####.........## ## ..##
.................# ##. ...
####....####.....####... ..
###..####..........## #.##
##.##.....#.....# # #..#
####.@.....###....####
#.###.oo$....### #.##.....
#.....##$##..# ####..## ##
##.######.###.## # #.##
§o..###..# #..##..##..##.#..##
......o..### ##..................
....o###...###..#................
#... #.......####..........##..
... #..####.# ...##.....####.


You could see an orc priest and a friendly orc (charmed).

Vanquished Creatures
  A centaur (D:5)
  A howler monkey (D:4)
  3 orc priests
  2 bullfrog skeletons (D:5)
  A centaur skeleton (D:4)
  4 orc wizards
  A worker ant (D:4)
  4 gnolls
  4 adders
  An ufetubus (D:4)
  An adder skeleton (D:4)
  2 worms
  2 dart slugs
  4 leopard geckos
  12 orcs
  5 giant cockroaches
  7 goblins
  5 hobgoblins
  12 jackals
  A quokka (D:5)
  6 bats
  A frilled lizard (D:1)
  5 kobolds
  9 rats
94 creatures vanquished.

Vanquished Creatures (collateral kills)
  A gnoll (D:4)
1 creature vanquished.

Vanquished Creatures (others)
  2 gnolls (D:4)
2 creatures vanquished.

Grand Total: 97 creatures vanquished

Notes
Turn   | Place    | Note
-------+----------+-------------------------------------------
     0 | D:1      | H0rd4k the Human Artificer began the quest for the Orb.
     0 | D:1      | Reached XP level 1. HP: 15/15 MP: 1/1
   304 | D:1      | Reached XP level 2. HP: 20/21 MP: 2/2
  1000 | D:1      | Reached XP level 3. HP: 26/26 MP: 3/3
  1908 | D:2      | Found a burning altar of Makhleb.
  1919 | D:2      | Found a hide-covered altar of Uskayaw.
  1937 | D:2      | Found a hazy altar of Hepliaklqana.
  1940 | D:2      | Found a snail-covered altar of Cheibriados.
  1996 | D:2      | Reached XP level 4. HP: 32/32 MP: 4/4
  2768 | D:3      | Reached skill level 1 in Long Blades
  3014 | D:3      | Reached XP level 5. HP: 37/38 MP: 5/5
  3052 | D:3      | Found a blossoming altar of Fedhas.
  3210 | D:3      | Found an opulent altar of Gozag.
  3397 | D:3      | Became a worshipper of Gozag Ym Sagoz the Greedy
  3950 | D:4      | Reached skill level 2 in Long Blades
  4020 | D:4      | Found an ancient bone altar of Kikubaaqudgha.
  4036 | D:4      | Reached XP level 6. HP: 3/44 MP: 6/6
  4564 | D:4      | Found Kionai's Book Shop.
  4716 | D:4      | Reached skill level 3 in Long Blades
  5049 | D:4      | Found a staircase to the Ecumenical Temple.
  5076 | D:5      | Entered Level 5 of the Dungeon
  5090 | D:5      | Found a runed translucent door.
  5186 | D:5      | Reached skill level 4 in Long Blades
  5186 | D:5      | Reached XP level 7. HP: 31/51 MP: 7/7
  5457 | D:5      | Found a white marble altar of Elyvilon.
  6090 | D:5      | Killed from afar by an orc priest

Illustrated notes

Levels and vault maps discovered:
D:1:      heliophobic_arrival_battle_scene, layout_basic
D:2:      layout_basic, grunt_temple_overflow_cloverleaf, minmay_misc_feat_x,
          minmay_misc_feat_secret_circle
D:3:      layout_basic, fedhas_ov_isle_minmay, dk_noncrumbling_2,
          grunt_gozag_statues
D:4:      layout_basic, lemuel_coloured_pillars_altar, temple_hall,
          serial_shops, nicolae_shop_waterfront
D:5:      layout_layer_cave, kennysheep_little_box, ebering_ghost_sewer_f,
          minmay_stone_trees_small, elyvilon_altar_1, uniq_sigmund,
          uniq_menkaure

Skill      XL: |  1  2  3  4  5  6 |
---------------+-------------------+-----
Long Blades    | 1 2 4 |  4.9
Fighting       | 2 |  2.9
Armour         | 3 |  3.5
Stealth        | 2 |  2.5
Dodging        | 2 |  2.1
Short Blades   | |  0.1
Evocations     | |  3.8

Action                   |  1- 3 |  4- 6 |  7- 9 || total
-------------------------+-------+-------+-------++-------
Melee: Club              |    95 |       |       ||    95
       Short sword       |     2 |       |       ||     2
       Great sword       |       |    84 |    31 ||   115
Evoke: Wand              |     5 |     4 |     1 ||    10
 Stab: Sleeping          |     3 |     1 |       ||     4
       Distracted        |       |     1 |       ||     1
Armor: Leather armour    |    45 |    21 |     6 ||    72
Dodge: Dodged            |    72 |    67 |    22 ||   161
       Rpst.: Great sword |       |    22 |     4 ||    26
